Cogmind - Beta 16 --- EXPLORER MODE // 2026.01.29 @ 14:31:06 Player: K.K.Y. Result: Destroyed by Piercing Trap Performance ------------- Evolutions (0) 0 Regions Visited (3) 600 Robots Destroyed (51) 255 Value Destroyed (1053) 1053 Prototype IDs (1) 20 Alien Tech Used (0) 0 Bonus (-133) -133 TOTAL SCORE: 1795 Bonus ------- Friendly Fire -133 Cogmind --------- Core Integrity 0/250 Matter 300/300 Energy 248/250 System Corruption 0% Temperature Cool (1) Movement Treading (240) Ox1 Location -10/Subcaves Parts ------- > --- POWER (1) -------- Ion Engine > --- PROPULSION (2) --- Light Treads > --- UTILITY (3) ------ Large Storage Unit Structural Scanner Sensor Array > --- WEAPON (2) ------- Beam Cannon Beam Cannon > --- INVENTORY (15) --- Light Nuclear Core Improved Heat Sink Improved Heat Sink Improved Heat Sink Improved Heat Sink High-capacity Storage Unit Huge Storage Unit Cargo Storage Unit Experimental Sensor Array Improved Terrain Scanner Improved Light Armor Plating Beam Cannon Mining Laser Peak State ------------ > --- POWER ------------ Ion Engine > --- PROPULSION ------- Light Treads Light Treads > --- UTILITY ---------- Large Storage Unit Structural Scanner Sensor Array > --- WEAPON ----------- Particle Gun Autogun > --- INVENTORY -------- Light Nuclear Core Improved Heat Sink Improved Heat Sink Improved Heat Sink High-capacity Storage Unit Huge Storage Unit Cargo Storage Unit Improved Terrain Scanner Beam Cannon Beam Cannon Mining Laser [Rating: 12] Favorites ----------- Power Ion Engine Engine Ion Engine Propulsion Light Treads Treads Light Treads Utility Large Storage Unit Device Structural Scanner Storage Large Storage Unit Weapon Medium Laser Energy Gun Medium Laser Energy Cannon Beam Cannon Ballistic Gun Autogun Special Weapon Mining Laser Build | -11 -10 -10 -10 ------- Run | Yrd Mat Min Sub Slots Evolved 1 | . 1 . . Power . | . . . . Propulsion . | . . . . Utility 1 | . 1 . . Weapon . | . . . . Parts Attached 17 | 6 7 3 1 Power 2 | 1 . 1 . Engine 2 | 1 . 1 . Core . | . . . . Reactor . | . . . . Propulsion 3 | 2 1 . . Treads 3 | 2 1 . . Leg . | . . . . Wheel . | . . . . Hover . | . . . . Flight . | . . . . Utility 4 | 1 3 . . Device 2 | . 2 . . Storage 2 | 1 1 . . Processor . | . . . . Hackware . | . . . . Protection . | . . . . Artifact . | . . . . Weapon 8 | 2 3 2 1 Energy Gun 4 | 2 1 1 . Energy Cannon 2 | . . 1 1 Ballistic Gun 1 | . 1 . . Ballistic Cannon . | . . . . Launcher . | . . . . Special Weapon 1 | . 1 . . Impact Weapon . | . . . . Slashing Weapon . | . . . . Piercing Weapon . | . . . . Special Melee Weapon . | . . . . Unidentified Prototypes 1 | . 1 . . Parts Lost 5 | . 1 2 2 Power . | . . . . Propulsion 1 | . . . 1 Utility . | . . . . Weapon 4 | . 1 2 1 Highest Loss Streak 1 | . 1 1 1 To Critical Strikes . | . . . . Average Backups 9 | 1 6 12 13 Power . | . . 1 1 Propulsion . | . . . . Utility 7 | . 4 8 10 Weapon 2 | . 1 3 2 Tool/Special . | . . . . Unused Backups 11 | . . . 11 Power 1 | . . . 1 Propulsion . | . . . . Utility 10 | . . . 10 Weapon . | . . . . Tool/Special . | . . . . Average Slot Usage (%) 89 | . 83 93 92 Engine 12 | . 12 12 12 Treads 22 | . 25 25 17 Device 18 | . 8 25 25 Storage 12 | . 12 12 12 Energy Gun 11 | . 16 11 6 Energy Cannon 5 | . . 1 16 Ballistic Gun 4 | . 7 5 . Peak Build Rating 12 | 6 10 12 12 Average Rating 9 | 5 8 10 10 On Entrance 7 | . 6 10 12 Avg Prop Armor Cover (%) . | . . . . Naked Turns . | . . . . Heaviest Build 33 | 18 32 33 33 Greatest Support 40 | 40 40 40 40 Greatest Overweight (x) 1 | 1 . . 1 Average Overweight (x) . | . . . . Largest Inventory Capacity 15 | 10 15 15 15 Average Capacity 14 | 9 14 15 15 Most Carried 15 | 5 11 15 15 Average Carried 10 | 1 6 13 14 Final Capacity 15 | 10 15 15 15 Final Carried 15 | 2 11 15 14 Class Distribution -------------------- 100% | Hacker-Mutant Dominant Class ---------------- Hacker-Mutant | -10/Materials Hacker-Mutant | -10/Mines Hacker-Mutant | -10/Subcaves Resources | -11 -10 -10 -10 ----------- Run | Yrd Mat Min Sub Matter Collected 597 | 260 129 113 95 Remotely . | . . . . Salvage Created 1711 | 125 841 400 345 Parts 93 | 10 51 11 21 Haulers Intercepted 2 | . 2 . . Recyclers Shooed 1 | . 1 . . Parts Field Recycled . | . . . . Retrieved Matter . | . . . . Parts Self-Destructed . | . . . . Prevented . | . . . . Parts Restored . | . . . . Kills | -11 -10 -10 -10 ------- Run | Yrd Mat Min Sub Combat Hostiles Destroyed 29 | . 11 7 11 Guns 20 | . 10 7 3 Cannons 8 | . . . 8 AOE 1 | . 1 . . Classes Destroyed 13 | 2 6 2 3 Worker 3 | . 2 1 . Builder 6 | . 6 . . Tunneler 2 | 2 . . . Hauler 2 | . 2 . . Recycler 4 | 1 2 1 . Turret 2 | . . . 2 Watcher 3 | . 3 . . Swarmer 10 | . 4 . 6 Grunt 11 | . 7 4 . Sentry 1 | . . . 1 Demolisher 2 | . . 2 . Subdweller 4 | . . . 4 Assembled 1 | . . 1 . Thug 1 | . . 1 . Best Kill Streak 16 | 2 16 4 6 Combat Bots Only 4 | . 4 2 4 Max Kills in Single Turn 3 | 1 3 1 1 Gunslinging 1 | . 1 . . Exploded 1 | . 1 . . Melee . | . . . . Uniques/NPCs Destroyed . | . . . . Combat | -11 -10 -10 -10 -------- Run | Yrd Mat Min Sub Hostile Shots Fired 152 | . 60 22 70 Missed 39 | . 14 1 24 Hits 113 | . 46 21 46 Projectile 113 | . 46 21 46 AOE 3 | . . 3 . Critical Strikes 1 | . . 1 . Damage Taken 990 | . 345 245 400 Core 250 | . 62 61 127 Absorbed by Shields . | . . . . Ignored by Resistances 576 | . 223 146 207 Core Remaining (%) 100 | 100 . . . Volleys Fired 118 | 7 47 21 43 Largest 2 | 2 2 2 2 Hottest 165 | 90 123 88 165 Shots Fired 214 | 14 83 39 78 Gun 151 | 14 82 39 16 Cannon 50 | . . . 50 Launcher . | . . . . Special 13 | . 1 . 12 Kinetic 38 | . 18 20 . Thermal 158 | 14 47 19 78 Explosive . | . . . . Electromagnetic 18 | . 18 . . Robot Hit Streak 46 | 10 18 42 46 Robot Miss Streak 1 | 1 1 . 1 Penetration Max . | . . . . Secondary Targets 5 | . 5 . . Max Gunslinging Chain 1 | . 1 . . Shots Hit Robots 159 | 12 67 37 43 Core Hits 78 | 4 39 16 19 Critical Kills 1 | . . 1 . Critical Parts Destroyed 3 | . 2 1 . Critical Strikes 8 | . 5 3 . Burn 4 | . 3 1 . Destroy 4 | . 2 2 . Melee Attacks . | . . . . Impact . | . . . . Slashing . | . . . . Piercing . | . . . . Sneak Attacks . | . . . . Combat Hostiles . | . . . . Follow-up Attacks . | . . . . Damage Inflicted 2542 | 142 1116 533 751 Guns 1866 | 142 1011 533 180 Cannons 571 | . . . 571 Explosions 105 | . 105 . . Melee . | . . . . Ramming . | . . . . Kinetic 486 | . 200 286 . Thermal 1683 | 142 543 247 751 Explosive . | . . . . Electromagnetic 373 | . 373 . . Impact . | . . . . Slashing . | . . . . Piercing . | . . . . Highest Corruption . | . . . . Average Corruption . | . . . . Corruption Purged . | . . . . Corruption Blocked . | . . . . Overload Shots . | . . . . Overflow Damage 5 | . . . 5 Projectiles 5 | . . . 5 Explosions . | . . . . Melee . | . . . . Knockbacks . | . . . . Impact . | . . . . Kinetic . | . . . . Secondary . | . . . . Self-Inflicted Damage . | . . . . Shots . | . . . . Rammed . | . . . . Targets Rammed . | . . . . Kicked . | . . . . Crushed . | . . . . Highest Temperature 325 | 150 325 214 35 Average Temperature 76 | 64 102 69 9 Received Heat Transfer 561 | . 246 150 165 Siege Activations . | . . . . Martial Activations . | . . . . Shielding Activations . | . . . . Robots Disrupted . | . . . . Combat Hostiles . | . . . . Robots Corrupted . | . . . . Combat Hostiles . | . . . . Parts Fried 2 | . 2 . . Impact Corruptions . | . . . . Robots Melted . | . . . . Combat Hostiles . | . . . . Parts Melted 4 | 1 1 . 2 Heat Transferred 4432 | 372 1655 777 1628 Parts Sabotaged . | . . . . Parts Stolen . | . . . . Parts Stripped . | . . . . Power Chain Reactions 1 | . 1 . . Alert | -11 -10 -10 -10 ------- Run | Yrd Mat Min Sub Maximum Alert Level . | . . . . Low Security (%) 100 | 100 100 100 . Level 1 . | . . . . Level 2 . | . . . . Level 3 . | . . . . Level 4 . | . . . . Level 5 . | . . . . High Security . | . . . . Max Security . | . . . . Peak Influence 185 | 10 185 44 . Initial . | . . . . Average 16 | 1 26 3 . Influence Increases 814 | 15 395 164 240 Destroy 0b10 Robot/C 520 | . 220 120 180 Destroy 0b10 Robot/NC 100 | 15 75 10 . Destroy Leader 90 | . 60 30 . Successful Hack 29 | . 29 . . Disable Machine 8 | . 4 4 . Destroy Structure 7 | . 7 . . Lose Combat Pursuer 60 | . . . 60 Influence Decreases 814 | 15 395 164 240 Time Decay 774 | 15 385 144 230 Lost Part 40 | . 10 20 10 Squads Dispatched . | . . . . Investigation . | . . . . Extermination . | . . . . Reinforcement . | . . . . Assault . | . . . . Garrison . | . . . . Intercept . | . . . . Searches Triggered . | . . . . Construction Impeded . | . . . . Haulers Reinforced . | . . . . Active Scanning Responses . | . . . . Cargo Convoy Interrupts . | . . . . Stealth | -11 -10 -10 -10 --------- Run | Yrd Mat Min Sub Distress Signals 1 | . 1 . . Communications Jammed . | . . . . Distress Signals . | . . . . Times Spotted 36 | . 16 7 13 Peak Tracking Total 4 | . 3 2 4 Tactical Retreats 2 | . . . 2 Traps | -11 -10 -10 -10 ------- Run | Yrd Mat Min Sub Traps Triggered 3 | . 1 . 2 Indirectly . | . . . . Trap Hack Attempts . | . . . . Triggered . | . . . . Disarmed 1 | . 1 . . Reprogrammed . | . . . . Reused . | . . . . Traps Extracted . | . . . . Installed . | . . . . Triggered . | . . . . Machines | -11 -10 -10 -10 ---------- Run | Yrd Mat Min Sub Machines Disabled 2 | . 1 1 . Max in Single Turn 1 | . 1 1 . Machines Repaired . | . . . . Machines Dismantled . | . . . . Machines Sabotaged . | . . . . Overloaded Fab Kills . | . . . . Hacking | -11 -10 -10 -10 --------- Run | Yrd Mat Min Sub Machines Accessed 10 | . 10 . . Terminals 8 | . 8 . . Fabricators . | . . . . Repair Stations . | . . . . Recycling Units 2 | . 2 . . Scanalyzers . | . . . . Garrison Access . | . . . . Total Hacks 19 | . 19 . . Successful 13 | . 13 . . Failed 6 | . 6 . . Catastrophic . | . . . . Database Lockouts . | . . . . Manual 9 | . 9 . . Terminals 16 | . 16 . . Fabricators . | . . . . Repair Stations . | . . . . Recycling Units 3 | . 3 . . Scanalyzers . | . . . . Garrison Access . | . . . . Terminal Hacks 4 | . 4 . . Locate Traps 2 | . 2 . . Disarm Traps 2 | . 2 . . Fabricator Hacks . | . . . . Repair Station Hacks . | . . . . Recycling Unit Hacks 2 | . 2 . . Retrieve Components 2 | . 2 . . Scanalyzer . | . . . . Garrison Access Hacks . | . . . . Unauthorized Hacks 6 | . 6 . . Terminals 6 | . 6 . . Botnet 6 | . 6 . . Fabricators . | . . . . Repair Stations . | . . . . Recycling Units . | . . . . Scanalyzers . | . . . . Garrison Access . | . . . . Data Cores Recovered . | . . . . Used . | . . . . Hacking Detections 5 | . 5 . . Full Trace Events 2 | . 2 . . Feedback Events . | . . . . Feedback Blocked . | . . . . Robot Schematics Acquired . | . . . . Robots Built . | . . . . Authchips . | . . . . Time . | . . . . Total Robot Build Rating . | . . . . Part Schematics Acquired . | . . . . Parts Built . | . . . . Authchips . | . . . . Time . | . . . . Total Part Build Rating . | . . . . Part Studies Acquired . | . . . . Parts Repaired . | . . . . Time . | . . . . Parts Recycled . | . . . . Recycled Matter . | . . . . Retrieved Matter . | . . . . Retrieved Components 6 | . 6 . . Parts Scanalyzed . | . . . . Part Schematics Acquired . | . . . . Parts Damaged . | . . . . Bothacking | -11 -10 -10 -10 ------------ Run | Yrd Mat Min Sub Used RIF Installer . | . . . . Robots Hacked . | . . . . Non-combat . | . . . . Combat . | . . . . Robot Hacks Applied . | . . . . Relay Couplers Released . | . . . . Fabnet Peak Effective % . | . . . . Robots Rewired . | . . . . Allies Hacked . | . . . . Hacks Repelled . | . . . . Allies | -11 -10 -10 -10 -------- Run | Yrd Mat Min Sub Total Allies . | . . . . Largest Group . | . . . . Highest-Rated Group . | . . . . Highest-Rated Ally . | . . . . Total Orders . | . . . . Ally Attacks . | . . . . Total Damage . | . . . . Kills . | . . . . Allies Corrupted . | . . . . Allies Melted . | . . . . Intel | -11 -10 -10 -10 ------- Run | Yrd Mat Min Sub Active Infowar (turns) 3025 | . 804 974 1247 Sensors 2427 | . 206 974 1247 Structural 3025 | . 804 974 1247 Robot Analysis Total . | . . . . Derelict Logs Recovered . | . . . . Drone Launches . | . . . . Drone Recoveries . | . . . . Exploration | -11 -10 -10 -10 ------------- Run | Yrd Mat Min Sub Turns Passed 3863 | 122 1520 974 1247 Spaces Moved 1751 | 55 807 539 350 Core 16 | 16 . . . Treads 1735 | 39 807 539 350 Legs . | . . . . Wheels . | . . . . Hover . | . . . . Flight . | . . . . Fastest Speed 50 | 50 160 160 160 Average Speed 170 | 131 160 160 214 Slowest Speed 240 | 160 160 160 240 Overloaded Moves . | . . . . Propulsion Burnouts . | . . . . Robots Hopped . | . . . . Potential Cave-ins . | . . . . Cave-ins Triggered . | . . . . Exploration Rate (%) 60 | 6 100 98 37 Regions Visited 3 Branch Regions 2 Pre-discovered Areas . | . . . . Known Exits Taken 3 | 1 1 1 . Unknown Exits Taken . | . . . . Scrap Searched . | . . . . Spaces Dug 1 | . . . 1 Terrain Destroyed 7 | . 6 . 1 Melee . | . . . . Projectile 1 | . . . 1 AOE 6 | . 6 . . Terrain Rammed . | . . . . Walls Destroyed . | . . . . Machines Disabled . | . . . . Actions | -11 -10 -10 -10 --------- Run | Yrd Mat Min Sub Total 2398 | 90 955 615 738 Wait 474 | 16 76 46 336 Move 1748 | 54 806 538 350 Hop . | . . . . Pick Up 27 | 7 14 6 . Fast Attach 2 | 1 . 1 . Attach 11 | 5 4 1 1 Detach 1 | . 1 . . Swap 13 | . 4 1 8 Drop 4 | . 3 1 . Fire 118 | 7 47 21 43 Melee . | . . . . Ram . | . . . . Kick . | . . . . Crush . | . . . . Escape Stasis . | . . . . Rewire . | . . . . Trap . | . . . . Miscellaneous . | . . . . Route ------- -11/Scrapyard -10/Materials (discovered 5 exits: *Mat x3 / *Min / *Sub) -10/Mines (discovered 3 exits: *Mat x2 / *Sub) -10/Subcaves (discovered 1 exit: *Rec) History --------- Turn | Location | Event 8 | -11/Scrapyard | Identified exit to Materials 8 | -11/Scrapyard | Discovered exit to Materials (range 15) 123 | -11/Scrapyard | Entered Materials 123 | -10/Materials | Evolved 1 slot: Utility x1 315 | -10/Materials | Build established: Hacker-Mutant 668 | -10/Materials | Identified exit to Materials 668 | -10/Materials | Discovered exit to Materials (range 12) 789 | -10/Materials | Discovered exit to Materials (range 10) 896 | -10/Materials | Identified exit to Subcaves 896 | -10/Materials | Discovered exit to Subcaves (range 5) 1159 | -10/Materials | Discovered exit to Materials (range 9) 1594 | -10/Materials | Identified exit to Mines 1594 | -10/Materials | Discovered exit to Mines (range 14) 1643 | -10/Materials | Entered Mines 1685 | -10/Mines | Discovered exit to Materials (range 9) 1796 | -10/Mines | Assembled infested the area 1801 | -10/Mines | Assisted by a Guerilla fighting off Assembled 1806 | -10/Mines | Discovered exit to Materials (range 9) 1951 | -10/Mines | Discovered exit to Subcaves (range 15) 2277 | -10/Mines | Found a damaged Exp. Sensor Array with a note attached 2280 | -10/Mines | Found Prototype Device 2617 | -10/Mines | Entered Subcaves 2631 | -10/Subcaves | Core integrity fell below 50% 3076 | -10/Subcaves | Identified exit to Recycling 3076 | -10/Subcaves | Discovered exit to Recycling (range 16) 3275 | -10/Subcaves | Core integrity fell below 20% 3864 | -10/Subcaves | Destroyed by Piercing Trap Last Messages --------------- 03143_ Subatomizers dissect the Lgt. Ion Engine. 03144_ 4B-4F5(R) destroyed. 03150_ Acquired 15 matter. 03153_ Acquired 10 matter. 03243_ BS-6KT(R) destroyed. 03246_ Acquired 10 matter. 03278_ Particle Gun destroyed. 03308_ IU-R11(R) destroyed. 03311_ Acquired 10 matter. 03326_ Subatomizers dissect the Disposable Heat Sink. 03401_ 31-0MT(R) destroyed. 03404_ Acquired 20 matter. 03638_ S-10 Pest destroyed. 03650_ Heat Sink melted. 03650_ Y-45 Defender destroyed. 03653_ Acquired 20 matter. 03864_ Triggered Piercing Trap. 03864_ Spikes shoot up from the floor. 03864_ Critical hit (Impale). Map ----- +----------------------------------------------------+ | | | | | | | | | | | | | | | | | | | | | | | ?????????????????????????????????????????????????? | | ?????????????????????????????????????????????????? | | ?????????????????????????????????????????????????? | | ?????????????????????????????????????????????????? | | ?????????????????????????????????????????????????? | | ?????????????????????????????????????????????????? | | ??????????????????????????????"##????????????????? | | ??????????????????????????????<##????????????????? | | ????????????????????????????<<<##????????????????? | | ????????????????????????????< $##????????????????? | | ???????????????????????????<<< ##????????????????? | | ???????????????????######## << ##????????????????? | | ???????????????????#######< <<##????????????????? | | ???????????????????## # < ###????????????????? | | ???????????????????### @ <#######????????????? | | ?????????????????####< ## ####################? | | ?????????????????#### "###### ############### | | ?????????????????## " ### ### ### | | ???????????? ### | | ????????? ### ##### ### | | ?????????? ## ##### ### ### | | ?????????? ?### ?? ## ######### ## | | ????????? " ??## ? ########## ## | | ?????????## "" ????## ## ##?????#### # | | ?????????######???## #### ##??????### | | ????????????###???### ##### ###??????## | | ??????????????????######## ####??????##### | | ???????????????????####?## ###???????####### | | ????????????????????????## ?????????????##### | | ????????????????????????## #??????????????### | | ???????????????????????? ##???????????????## | | ?????????????????????????? ##??????????????? | | ???????????????????????????## #???????????????? | | ???????????????????????????####????????????? | | ????????????????????????????###?????????????## ### | | ????????????????????????????????????????????###### | | ????????????????????????????????????????????###### | | ?????????????????????????????????????????????????# | | ?????????????????????????????????????????????????? | +----------------------------------------------------+ Best States ------------- Heat Dissipation 25 Energy Generation 10 Energy Capacity 250 Matter Stores 300 Matter Capacity 300 Sight Range 16 Robot Scan Range 14 Terrain Scan Density 10 Resistance: KI 35 Resistance: TH 35 Resistance: EX 35 Resistance: EM 35 Resistance: I 35 Resistance: S 35 Resistance: P 35 Evasion (%) 50 Recoil Reduction 2 Offensive Hacking 20 Item Schematics ----------------- None Robot Schematics ------------------ None Fabricated ------------ Nothing Repaired ---------- Nothing Studied --------- None Alien Tech Used ----------------- None Achievements -------------- None Challenges ------------ None Game ------ Seed ThermicQuantumChargecaster Manual? 0 Play Time 00:15:16 Cumulative 323.2 hours Start 2026.01.29 @ 14:18:45 End 2026.01.29 @ 14:31:06 Sessions 1 Manual Loads 0 Difficulty Explorer Special Mode None Game No. 508 Rogue 0 Adventurer 0 Explorer 508 Win Type - Total 0 Types 0/0/0/0/0/0/0/0/0/0 Lore% 77 Gallery% 70 Achievement% 56 Wizard Run 0 Options --------- Layout 1 ASCII 0 Keyboard 0 Movement Mouse Keybinds 1 Fullscreen 1 Font 24/Smallcaps Map View 50x35 Zoom Use 0% Tactical HUD 1 Map Filters NONE Filters NONE Steam 1 RUN: ffd5a0e8-04bf-4c98-806f-4238b4ae98ac